BSA
ST. LOUIS BROWNS @ HOUSTON MARSHALS
06/30/2027
 
TOP OF THE 1ST
St. Louis Browns batting - Pitching for Houston Marshals : LHP José Hidalgo
Pitching: LHP José Hidalgo
Batting: RHB Paco Castillo 0-0: Ball
1-0: Foul Ball, location: 2F
1-1: Ball
2-1: Fly out, F9 (Line Drive, 9)
Batting: RHB Mario Rosales 0-0: Ball
1-0: Ball
2-0: Called Strike
2-1: Ball
3-1: Swinging Strike
3-2: SINGLE (Line Drive, 4MD)
Batting: RHB Adrian Prouse 0-0: Foul Ball, location: 2F
0-1: Ball
1-1: Ball
2-1: Foul Ball, location: 2F
2-2: Fly out, F7 (Flyball, 78XD)
Batting: RHB R.J. Parker 0-0: Swinging Strike
0-1: Ball
1-1: Called Strike
1-2: Strikes out looking
Top of the 1st over - 0 run(s), 1 hit(s), 0 error(s), 1 left on base; St. Louis 0 - Houston 0
BOTTOM OF THE 1ST
Houston Marshals batting - Pitching for St. Louis Browns : RHP Claudio Martínez
Pitching: RHP Claudio Martínez
Batting: LHB John Peterson 0-0: Ball
1-0: Foul Ball, location: 2F
1-1: Foul Ball, location: 2F
1-2: Foul Ball, location: 2F
1-2: Strikes out looking
Batting: LHB Lewis Barr 0-0: Ball
1-0: Called Strike
1-1: Ball
2-1: Ball
3-1: Foul Ball, location: 2F
3-2: Foul Ball, location: 2F
3-2: Foul Ball, location: 2F
3-2: Base on Balls
Batting: LHB Matt Smith 0-0: Ball
1-0: Fielders Choice at 2nd, 4-6 (Groundball, 4M)
Batting: LHB José Rodríguez 0-0: Called Strike
0-1: Fly out, F7 (Line Drive, 78M)
Bottom of the 1st over - 0 run(s), 0 hit(s), 0 error(s), 1 left on base; St. Louis 0 - Houston 0
TOP OF THE 2ND
St. Louis Browns batting - Pitching for Houston Marshals : LHP José Hidalgo
Batting: RHB Domingo Romero 0-0: Called Strike
0-1: Swinging Strike
0-2: Strikes out swinging
Batting: LHB Junior Coates 0-0: Called Strike
0-1: Foul Ball, location: 2F
0-2: Ball
1-2: Strikes out looking
Batting: SHB Ryobe Yamamoto 0-0: Called Strike
0-1: Ball
1-1: Ball
2-1: Ball
3-1: Foul Ball, location: 2F
3-2: SINGLE (Groundball, 6S) (infield hit)
Batting: RHB Anthony Rucker 0-0: Foul Ball, location: 2F
0-1: Ball
1-1: Ball
2-1: Ball
3-1: SINGLE (Groundball, 15) (infield hit)
Ryobe Yamamoto to second
Batting: LHB Tommy Evans 0-0: Ground out U3 (Groundball, 34)
Top of the 2nd over - 0 run(s), 2 hit(s), 0 error(s), 2 left on base; St. Louis 0 - Houston 0
BOTTOM OF THE 2ND
Houston Marshals batting - Pitching for St. Louis Browns : RHP Claudio Martínez
Batting: RHB David Murray 0-0: Ball
1-0: Fly out, F6 (Line Drive, 6)
Batting: SHB Álex Rosado 0-0: Ball
1-0: Foul Ball, location: 2F
1-1: Ball
2-1: Ball
3-1: SOLO HOME RUN (Flyball, 89XD), Distance : 388 ft
Batting: SHB Ramón Lugo 0-0: Foul Ball, location: 2F
0-1: Swinging Strike
0-2: Ball
1-2: Ball
2-2: Foul Ball, location: 2F
2-2: Foul Ball, location: 2F
2-2: Ball
3-2: DOUBLE (Groundball, 5L)
Batting: SHB Juan Gómez 0-0: Foul Ball, location: 2F
0-1: Ball
1-1: Foul Ball, location: 2F
1-2: Ball
2-2: Foul Ball, location: 2F
2-2: Ball
3-2: Ground out 1-3 (Groundball, 15S)
Batting: RHB Jim Tracy 0-0: Ball
Pickoff Throw to Second - Error! E1
Ramón Lugo to third
1-0: Called Strike
1-1: Called Strike
1-2: Ground out 4-3 (Groundball, 4S)
Bottom of the 2nd over - 1 run(s), 2 hit(s), 1 error(s), 1 left on base; St. Louis 0 - Houston 1
TOP OF THE 3RD
St. Louis Browns batting - Pitching for Houston Marshals : LHP José Hidalgo
Batting: RHB Paco Castillo 0-0: Ball
1-0: Foul Ball, location: 2F
1-1: Foul Ball, location: 2F
1-2: Strikes out swinging
Batting: RHB Mario Rosales 0-0: Fly out, F8 (Flyball, 8LM)
Batting: RHB Adrian Prouse 0-0: Ball
1-0: Ball
2-0: DOUBLE (Groundball, 5L)
Batting: RHB R.J. Parker 0-0: Called Strike
0-1: Foul Ball, location: 2F
0-2: Ball
1-2: Foul Ball, location: 2F
1-2: Ball
2-2: Ball
3-2: Base on Balls
Batting: RHB Domingo Romero 0-0: Ball
1-0: Swinging Strike
1-1: Fielders Choice at 2nd, 5-4 (Groundball, 56)
Top of the 3rd over - 0 run(s), 1 hit(s), 0 error(s), 1 left on base; St. Louis 0 - Houston 1
BOTTOM OF THE 3RD
Houston Marshals batting - Pitching for St. Louis Browns : RHP Claudio Martínez
Batting: LHB John Peterson 0-0: Ball
1-0: Ball
2-0: Called Strike
2-1: Foul Ball, location: 2F
2-2: Foul Ball, location: 2F
2-2: Ball
3-2: Foul Ball, location: 2F
3-2: Foul Ball, location: 2F
3-2: Base on Balls
Batting: LHB Lewis Barr 0-0: Ball
1-0: Ball
2-0: Called Strike
2-1: Ball
3-1: Swinging Strike
3-2: Strikes out looking
Batting: LHB Matt Smith 0-0: Ball
1-0: Ball
2-0: Swinging Strike
2-1: Foul Ball, location: 2F
2-2: Foul Ball, location: 2F
Pickoff Throw to First - Out!
2-2: Ball
3-2: Base on Balls
Batting: LHB José Rodríguez 0-0: Foul Ball, location: 2F
0-1: Swinging Strike
0-2: Strikes out swinging
Bottom of the 3rd over - 0 run(s), 0 hit(s), 0 error(s), 1 left on base; St. Louis 0 - Houston 1
TOP OF THE 4TH
St. Louis Browns batting - Pitching for Houston Marshals : LHP José Hidalgo
Batting: LHB Junior Coates 0-0: Ball
1-0: Ball
2-0: Ground out 6-3 (Groundball, 6)
Batting: SHB Ryobe Yamamoto 0-0: Ball
1-0: Ball
2-0: Called Strike
2-1: Foul Ball, location: 2F
2-2: Ball
3-2: Foul Ball, location: 2F
3-2: Ground out 4-3 (Groundball, 4M)
Batting: RHB Anthony Rucker 0-0: Ball
1-0: Ball
2-0: Foul Ball, location: 2F
2-1: SINGLE (Groundball, 6MD)
Batting: LHB Tommy Evans 0-0: Ball
1-0: Ball
2-0: Foul Ball, location: 2F
2-1: Called Strike
2-2: SINGLE (Line Drive, 9S)
Anthony Rucker to second
Batting: RHB Paco Castillo 0-0: Called Strike
0-1: Fly out, F8 (Flyball, 8LM)
Top of the 4th over - 0 run(s), 2 hit(s), 0 error(s), 2 left on base; St. Louis 0 - Houston 1
BOTTOM OF THE 4TH
Houston Marshals batting - Pitching for St. Louis Browns : RHP Claudio Martínez
Batting: RHB David Murray 0-0: TRIPLE (Line Drive, 9LM)
Batting: SHB Álex Rosado 0-0: Ball
1-0: Ball
2-0: Foul Ball, location: 2F
2-1: Foul Ball, location: 2F
2-2: Foul Ball, location: 2F
2-2: Ball
3-2: Strikes out swinging
Batting: SHB Ramón Lugo 0-0: Ball
1-0: Called Strike
1-1: Ball
Wild Pitch!
David Murray scores
2-1: Swinging Strike
2-2: Fly out, F8 (Line Drive, 8LS)
Batting: SHB Juan Gómez 0-0: Called Strike
0-1: Ball
1-1: Ground out 5-3 (Groundball, 5L)
Bottom of the 4th over - 1 run(s), 1 hit(s), 0 error(s), 0 left on base; St. Louis 0 - Houston 2
TOP OF THE 5TH
St. Louis Browns batting - Pitching for Houston Marshals : LHP José Hidalgo
Batting: RHB Mario Rosales 0-0: Ball
1-0: Called Strike
1-1: Ball
2-1: Ball
3-1: Foul Ball, location: 2F
3-2: Reached on error, E5 (Groundball, 5S)
Batting: RHB Adrian Prouse 0-0: Ball
1-0: Ball
2-0: Called Strike
2-1: Called Strike
2-2: Fly out, F9 (Line Drive, 9LM)
Batting: RHB R.J. Parker 0-0: Ball
1-0: Called Strike
1-1: Ball
2-1: Ball
Wild Pitch!
Mario Rosales to second
3-1: Foul Ball, location: 2F
3-2: Strikes out looking
Batting: RHB Domingo Romero 0-0: Called Strike
0-1: Fly out, F4 (Popup, 34)
Top of the 5th over - 0 run(s), 0 hit(s), 1 error(s), 1 left on base; St. Louis 0 - Houston 2
BOTTOM OF THE 5TH
Houston Marshals batting - Pitching for St. Louis Browns : RHP Claudio Martínez
Batting: RHB Jim Tracy 0-0: Ball
1-0: Ball
2-0: Called Strike
2-1: Ball
3-1: Called Strike
3-2: Foul Ball, location: 2F
3-2: Foul Ball, location: 2F
3-2: Foul Ball, location: 2F
3-2: Base on Balls
Pitching: LHP Santiago Valentín
Batting: LHB John Peterson 0-0: Ball
1-0: Ball
2-0: Grounds into double play, 4-6-3 (Groundball, 4)
Batting: LHB Lewis Barr 0-0: Foul Ball, location: 2F
0-1: Foul Ball, location: 2F
0-2: Ball
1-2: Foul Ball, location: 2F
1-2: Ball
2-2: Foul Ball, location: 2F
2-2: Foul Ball, location: 2F
2-2: Strikes out swinging
Bottom of the 5th over - 0 run(s), 0 hit(s), 0 error(s), 0 left on base; St. Louis 0 - Houston 2
TOP OF THE 6TH
St. Louis Browns batting - Pitching for Houston Marshals : LHP José Hidalgo
Batting: LHB Junior Coates 0-0: Foul Ball, location: 2F
0-1: Ball
1-1: Ball
2-1: Called Strike
2-2: Foul Ball, location: 2F
2-2: Strikes out swinging
Batting: SHB Ryobe Yamamoto 0-0: Foul Ball, location: 2F
0-1: Swinging Strike
0-2: Ball
1-2: Foul Ball, location: 2F
1-2: Ball
2-2: Ground out 3-1 (Groundball, 34)
Batting: RHB Anthony Rucker 0-0: Ground out 4-3 (Groundball, 4)
Top of the 6th over - 0 run(s), 0 hit(s), 0 error(s), 0 left on base; St. Louis 0 - Houston 2
BOTTOM OF THE 6TH
Houston Marshals batting - Pitching for St. Louis Browns : LHP Santiago Valentín
Batting: LHB Matt Smith 0-0: Swinging Strike
0-1: Foul Ball, location: 2F
0-2: Ball
1-2: Strikes out swinging
Batting: LHB José Rodríguez 0-0: Called Strike
0-1: Called Strike
0-2: Ball
1-2: Strikes out swinging
Batting: RHB David Murray 0-0: Foul Ball, location: 2F
0-1: Foul Ball, location: 2F
0-2: Fly out, F9 (Line Drive, 9)
Bottom of the 6th over - 0 run(s), 0 hit(s), 0 error(s), 0 left on base; St. Louis 0 - Houston 2
TOP OF THE 7TH
St. Louis Browns batting - Pitching for Houston Marshals : LHP José Hidalgo
Batting: LHB Tommy Evans 0-0: Foul Ball, location: 2F
0-1: Ball
1-1: Foul Ball, location: 2F
1-2: Ground out U3 (Groundball, 34)
Batting: RHB Paco Castillo 0-0: Ball
1-0: Ball
2-0: SOLO HOME RUN (Flyball, 7D), Distance : 408 ft
Pitching: RHP Vinícius Itaquy
Batting: RHB Mario Rosales 0-0: Called Strike
0-1: Foul Ball, location: 2F
0-2: Ball
1-2: Ball
2-2: Fly out, F7 (Flyball, 78S)
Batting: RHB Adrian Prouse 0-0: Swinging Strike
0-1: Ball
1-1: Swinging Strike
1-2: Ball
2-2: Ball
3-2: Ground out 5-3 (Groundball, 56)
Top of the 7th over - 1 run(s), 1 hit(s), 0 error(s), 0 left on base; St. Louis 1 - Houston 2
BOTTOM OF THE 7TH
Houston Marshals batting - Pitching for St. Louis Browns : LHP Santiago Valentín
Batting: SHB Álex Rosado 0-0: Ground out 5-3 (Groundball, 5)
Batting: SHB Ramón Lugo 0-0: Ball
1-0: Called Strike
1-1: Swinging Strike
1-2: Strikes out swinging
Batting: SHB Juan Gómez 0-0: SINGLE (Line Drive, 34D)
Batting: RHB Jim Tracy 0-0: Ball
1-0: Ball
2-0: Foul Ball, location: 2F
2-1: Ball
3-1: Fly out, F4 (Line Drive, 4)
Bottom of the 7th over - 0 run(s), 1 hit(s), 0 error(s), 1 left on base; St. Louis 1 - Houston 2
TOP OF THE 8TH
St. Louis Browns batting - Pitching for Houston Marshals : RHP Vinícius Itaquy
Pitching: RHP José Gonzáles
Batting: RHB R.J. Parker 0-0: Called Strike
0-1: Ball
1-1: Ball
2-1: SINGLE (Groundball, 6MD)
Pinch Hitting: LHB Stan Hickman 0-0: SINGLE (Groundball, 4MD)
R.J. Parker to second
Pitching: LHP Alfonso Ramos
Batting: LHB Junior Coates 0-0: Ball
1-0: Called Strike
1-1: Ball
2-1: Ball
3-1: Grounds into double play, 4-6-3 (Groundball, 4)
R.J. Parker to third
Pitching: RHP Dave Rhodes
Batting: SHB Ryobe Yamamoto 0-0: Ball
1-0: Foul Ball, location: 2F
1-1: Ground out 6-3 (Groundball, 56)
Top of the 8th over - 0 run(s), 2 hit(s), 0 error(s), 1 left on base; St. Louis 1 - Houston 2
BOTTOM OF THE 8TH
Houston Marshals batting - Pitching for St. Louis Browns : LHP Santiago Valentín
Now at 2B: Joe Sanders
Batting: LHB John Peterson 0-0: SINGLE (Line Drive, 34)
Batting: LHB Lewis Barr 0-0: Called Strike
John Peterson is caught stealing 2nd base
0-1: Ball
1-1: DOUBLE (Flyball, 78D)
Pitching: RHP Beau Brown
Batting: LHB Matt Smith 0-0: Ball
1-0: Foul Ball, location: 2F
1-1: Ball
2-1: Called Strike
2-2: Ball
3-2: Foul Ball, location: 2F
3-2: Foul Ball, location: 2F
3-2: Foul Ball, location: 2F
3-2: Strikes out looking
Batting: LHB José Rodríguez 0-0: Fly out, F7 (Flyball, 7LS)
Bottom of the 8th over - 0 run(s), 2 hit(s), 0 error(s), 1 left on base; St. Louis 1 - Houston 2
TOP OF THE 9TH
St. Louis Browns batting - Pitching for Houston Marshals : RHP Dave Rhodes
Pitching: RHP Edward Cadle
Now at SS: Gregg Nelson
Pinch Hitting: LHB Robin Hill 0-0: Ball
1-0: Called Strike
1-1: SINGLE (Groundball, 6) (infield hit)
Batting: LHB Tommy Evans 0-0: Sac Bunt - play at first, batter OUT! 1-4
Robin Hill to second
Batting: RHB Paco Castillo 0-0: Fly out, F8 (Flyball, 89S)
Batting: RHB Mario Rosales 0-0: Foul Ball, location: 2F
0-1: Foul Ball, location: 2F
0-2: Ball
1-2: Ground out 5-3 (Groundball, 56)
Top of the 9th over - 0 run(s), 1 hit(s), 0 error(s), 1 left on base; St. Louis 1 - Houston 2
Thursday, March 30th, 2017 - OOTP Baseball 17.12 Build 75